 Dungeon Crawl Stone Soup version 0.31-a0-204-g7da18cac08 (webtiles) character file.

Game seed: 11882420796032030698

114 qw the Skirmisher (level 4, -2/25 HPs)
             Began as a Deep Elf Hunter on June 27, 2023.
             Slain by a kobold
             ... wielding a +0 short sword
              (4 damage)
             ... on level 3 of the Dungeon.
             The game lasted 00:00:40 (1068 turns).

qw the Skirmisher (Deep Elf Hunter)                 Turns: 1068, Time: 00:00:40

Health: -2/25      AC:  6    Str: 10    XL:     4   Next: 67%
Magic:  6/6        EV: 11    Int: 14    God:
Gold:   89         SH:  0    Dex: 18    Spells: 3/3 levels left

rFire   + . .        Y - +0 shortbow
rCold   . . .        (shield currently unavailable)
rNeg    . . .        f - +0 ring mail
rPois   +            (no helmet)
rElec   .            (no cloak)
rCorr   .            (no gloves)
SInv    .            a - +0 pair of boots
Will    .....        (no amulet)
Stlth   +            d - ring of poison resistance
HPRegen 0.24/turn    b - ring of protection from fire
MPRegen 0.10/turn

%: no passive effects
@: no status effects
A: no striking features
a: no special abilities


You were on level 3 of the Dungeon.
You visited 1 branch of the dungeon, and saw 3 of its levels.

You collected 89 gold pieces.


   Skills:
 - Level 1.5 Fighting
 + Level 8.1 Ranged Weapons
 - Level 2.4 Dodging
 - Level 1.2 Stealth


You had 3 spell levels left.
You didn't know any spells.
Your spell library was empty.

Inventory:

Hand Weapons
 Y - a +0 shortbow (weapon)
Armour
 a - a +0 pair of boots (worn)
 e - a +0 helmet
 f - a +0 ring mail (worn)
Jewellery
 b - a ring of protection from fire (right hand)
 d - a ring of poison resistance (left hand)
Scrolls
 c - a scroll of identify

Dungeon Overview and Level Annotations

Branches:
Dungeon (3/15)

Altars:


Message History

You kill the endoplasm!
The endoplasm freezes you.
You are frozen.
A kobold comes into view. It is wielding a +0 short sword.
You shoot an arrow. The arrow hits the endoplasm.
The endoplasm is severely wounded.
The endoplasm hits you but does no damage.
You shoot an arrow.
The arrow completely misses the endoplasm.
The arrow hits the hobgoblin but does no damage.
The endoplasm closely misses you.
You shoot an arrow. The arrow hits the endoplasm.
You kill the endoplasm!
A quokka comes into view.
An endoplasm comes into view.
You shoot an arrow.
The arrow hits the hobgoblin but does no damage.
The hobgoblin hits you with a +0 falchion.
You shoot an arrow. The arrow hits the hobgoblin.
The hobgoblin is severely wounded.
The hobgoblin completely misses you.
The kobold hits you with a +0 short sword.
The hobgoblin hits you with a +0 falchion.
You shoot an arrow. The arrow hits the hobgoblin.
You kill the hobgoblin!
The kobold hits you with a +0 short sword.
You shoot an arrow.
The arrow hits the kobold but does no damage.
The kobold hits you but does no damage.
You shoot an arrow. The arrow barely misses the quokka.
The quokka completely misses you.
The kobold hits you with a +0 short sword.
You shoot an arrow. The arrow hits the quokka!
You kill the quokka!
The kobold hits you with a +0 short sword.
You shoot an arrow. The arrow hits the endoplasm!
You kill the endoplasm!
The kobold hits you but does no damage.
You shoot an arrow. The arrow closely misses the kobold.
The kobold hits you with a +0 short sword.
You die...

.... .# #. ..# .##.
..###### #...
#.#....# #...
#.#.#### #...
#.#.##### ####...
#.....#.####
......K###.###..##..#
......)@...# #.....##
.
##.##.)###.###...###
.. .....
#.......###.# ####.#
###.##.....# ..
#.##....###. ##.
#....PP..... #
#..P.~.P..#.#
#..~~~~7~##
#.P~.~7~~P..


You could see a kobold.

Vanquished Creatures
  An iguana (D:3)
  3 adders
  A worm (D:1)
  2 dart slugs (D:2)
  An orc (D:3)
  A bat (D:1)
  9 endoplasms
  A giant cockroach (D:1)
  4 goblins
  6 hobgoblins
  3 jackals (D:3)
  5 kobolds
  3 quokkas
  3 ball pythons
  2 frilled lizards
  5 rats
50 creatures vanquished.

Notes
Turn   | Place    | Note
-------+----------+-------------------------------------------
     0 | D:1      | qw the Deep Elf Hunter began the quest for the Orb.
     0 | D:1      | Reached XP level 1. HP: 12/12 MP: 3/3
     0 | D:1      | 0 ||| qw: Version: 0.3-a-22-g0ed2b0b
     0 | D:1      | 0 ||| qw: Game counter: 6457
     0 | D:1      | 0 ||| qw: Melee chars always use a shield: true
     0 | D:1      | 0 ||| qw: God list: Okawaru
     0 | D:1      | 0 ||| qw: Allow faded altars: false
     0 | D:1      | 0 ||| qw: Do Orc after clearing Dungeon:15 true
     0 | D:1      | 0 ||| qw: Do second Lair branch before Depths: true
     0 | D:1      | 0 ||| qw: Lair rune preference: random
     0 | D:1      | 0 ||| qw: Goals: Normal
     0 | D:1      | 0 ||| PLANNING D:1-11
   163 | D:1      | Reached skill level 6 in Ranged Weapons
   163 | D:1      | Reached XP level 2. HP: 16/16 MP: 4/4
   326 | D:1      | Found a faded altar of an unknown god.
   385 | D:1      | 385 ||| UPGRADING to +0 ring mail.
   395 | D:1      | 395 ||| DROPPING +0 leather armour.
   396 | D:1      | 396 ||| UPGRADING to ring of poison resistance.
   397 | D:1      | 397 ||| READING scroll labelled VEH LOVAEM.
   398 | D:1      | 398 ||| READING scroll labelled EFILIQ JAOROU.
   399 | D:1      | 399 ||| DROPPING scroll of butterflies.
   418 | D:2      | 418 ||| STAIRDANCE
   476 | D:2      | Reached XP level 3. HP: 20/20 MP: 5/5
   563 | D:2      | Reached skill level 7 in Ranged Weapons
   652 | D:2      | 652 ||| FLEEEEING.
   653 | D:2      | 653 ||| FLEEEEING.
   654 | D:2      | 654 ||| STAIRDANCE
   664 | D:1      | 664 ||| UPGRADING to +0 pair of boots.
   669 | D:1      | 669 ||| READING scroll labelled LOSTRO ZUQUZXIL.
   670 | D:1      | 670 ||| READING scroll labelled AKOH QUKOR.
   930 | D:2      | 930 ||| UPGRADING to ring of protection from fire.
   931 | D:2      | 931 ||| READING scroll labelled TYUSAO DAUR.
   972 | D:3      | Reached XP level 4. HP: 23/25 MP: 6/6
  1057 | D:3      | Reached skill level 8 in Ranged Weapons
  1063 | D:3      | HP: 5/25 [kobold/+0 short sword (3)]
  1066 | D:3      | HP: 1/25 [kobold/+0 short sword (4)]
  1068 | D:3      | Slain by a kobold

Levels and vault maps discovered:
D:1:      eino_arrival_water_star, layout_rooms,
          hellmonk_ecumenical_altar_arch_garden
D:2:      layout_rooms, kennysheep_decorative_pillar, serial_bayou_lagoon_b
D:3:      cheibrodos_thug_alley, layout_loops_ring, tgw_sif,
          mainiacjoe_overflow_chevrons, serial_bayou, serial_bayou_pond_d,
          serial_bayou_pond_b, serial_bayou_crossing, serial_bayou_pond_a,
          minmay_vboxes

Skill      XL: |  1  2  3  4 |
---------------+-------------+-----
Ranged Weapons | 6 7 8 |  8.1
Fighting       | |  1.5
Dodging        | |  2.4
Stealth        | |  1.2

Action                     |  1- 3 |  4- 6 || total
---------------------------+-------+-------++-------
   Fire: Shortbow          |   128 |    31 ||   159
    Use: Scroll            |     5 |       ||     5
 Armour: Leather armour    |    13 |       ||    13
         Ring mail         |    15 |     6 ||    21
  Dodge: Dodged            |    32 |     7 ||    39

Table legend:
 A = Non-vault XP
 B = Vault XP
 C = Vault XP percentage of total XP
 D = Non-vault monster count
 E = Vault monster count
 F = Vault count percentage of total count
                 A         B        C        D         E       F
            +---------+---------+-------+---------+---------+-------
      Total |     121 |      43 |  26.2 |      46 |       4 |   8.0
            +---------+---------+-------+---------+---------+-------
        D:1 |      30 |       0 |   0.0 |      16 |       0 |   0.0
        D:2 |      59 |       0 |   0.0 |      19 |       0 |   0.0
        D:3 |      32 |      43 |  57.3 |      11 |       4 |  26.7
            +---------+---------+-------+---------+---------+-------
